 Dungeon Crawl Stone Soup version 0.25-a0-58-g9dd530fc12 (webtiles) character file.

Game seed: 11109297462720799193, levelgen mode: deterministic

1292 Conn the Sneak (level 8, -2/50 HPs)
             Began as an Octopode Fire Elementalist on Oct 27, 2019.
             Was a Believer of Sif Muna.
             Slain by an orc warrior
             ... wielding a +0 glaive
              (18 damage)
             ... on level 6 of the Dungeon.
             The game lasted 00:23:41 (6656 turns).

Conn the Sneak (Octopode Fire Elementalist)         Turns: 6656, Time: 00:23:41

Health: -2/50      AC:  1    Str:  7    XL:     8   Next: 56%
Magic:  4/15       EV: 14    Int: 19    God:    Sif Muna [**....]
Gold:   90         SH:  0    Dex: 13    Spells: 5/16 levels left

rFire    + . .     SeeInvis .   c - +1 dagger (speed)
rCold    x . .     Gourm    .   (no shield)
rNeg     . . .     Faith    .   (helmet restricted)
rPois    +         Spirit   .   (no amulet)
rElec    .         Reflect  .   e - ring of protection from magic
rCorr    +         Harm     .   s - ring of fire
MR       +....                  j - ring of poison resistance
Stlth    ++++......             l - ring of resist corrosion
HPRegen  0.16/turn              (no ring)
MPRegen  0.14/turn              (no ring)
                                (no ring)
                                (no ring)

@: no status effects
A: almost no armour, stealthy swim, amphibious, 8 rings, constrict 8, camouflage
1, gelatinous body 1
a: Channel Magic, Renounce Religion


You were on level 6 of the Dungeon.
You worshipped Sif Muna.
Sif Muna was pleased with you.
You were very hungry.

You visited 2 branches of the dungeon, and saw 7 of its levels.

You collected 235 gold pieces.
You spent 145 gold pieces at shops.

Inventory:

Hand Weapons
 a - a +0 dagger
 c - a +1 dagger of speed (weapon)
 i - a cursed +0 hand axe
 p - a +1 scimitar of holy wrath
Missiles
 q - 13 poisoned darts
 t - 2 datura-tipped darts
 v - 7 silver boomerangs (quivered)
Jewellery
 e - a ring of protection from magic (left tentacle)
 j - a ring of poison resistance (on tentacle)
 l - a ring of resist corrosion (on tentacle)
 s - a ring of fire (right tentacle)
Wands
 x - a wand of enslavement (9)
Scrolls
 g - a scroll of fog
 h - 3 scrolls of identify
 m - a scroll of remove curse
Potions
 d - 2 potions of degeneration {unknown}
 f - a potion of haste {unknown}
 k - a potion of berserk rage {unknown}
 n - a potion of agility {unknown}
 o - a potion of invisibility {unknown}
 r - a potion of curing
 u - 3 potions of flight
 A - a potion of ambrosia {unknown}
Comestibles
 b - 12 rations


   Skills:
 + Level 2.2 Fighting
 + Level 2.6 Short Blades
 + Level 1.1 Throwing
 + Level 3.7 Dodging
 - Level 6.0 Stealth
 + Level 0.1 Unarmed Combat
 * Level 4.7 Spellcasting
 * Level 4.3 Conjurations
 + Level 5.0 Fire Magic


You had 5 spell levels left.
You knew the following spells:

 Your Spells              Type           Power        Failure   Level  Hunger
a - Flame Tongue          Conj/Fire      ####.        1%          1    None
b - Conjure Flame         Conj/Fire      ####....     5%          3    ##.....
c - Inner Flame           Hex/Fire       ###.....     14%         3    ##.....
d - Sticky Flame          Conj/Fire      ####....     19%         4    ####...

Your spell library contained the following spells:

 Spells                   Type           Power        Failure   Level  Hunger
 Throw Flame              Conj/Fire      ####..       2%          2    #......
 Animate Skeleton         Necr           N/A          13%         1    None
 Apportation              Tloc           #.....       13%         1    None
 Confusing Touch          Hex            #.....       13%         1    None
 Summon Small Mammal      Summ           #...         13%         1    None
 Fireball                 Conj/Fire      ####......   45%         5    ######.


Dungeon Overview and Level Annotations

Branches:
Dungeon (6/15)             Temple (1/1) D:4

Altars:
Ashenzari
Cheibriados
Dithmenos
Elyvilon
Fedhas
Gozag
Hepliaklqana
Kikubaaqudgha
Makhleb
Nemelex Xobeh
Okawaru
Qazlal
Ru
Sif Muna
Trog
Uskayaw
Vehumet
Wu Jian
Xom
Yredelemnul
The Shining One

Shops:
D:5 *

Annotations:
D:6 Blork the orc


Innate Abilities, Weirdness & Mutations

You cannot wear most types of armour.
You are very stealthy in the water. (Stealth+)
You are amphibious.
You can wear up to eight rings at the same time.
You can use your tentacles to constrict eight enemies at once.
Your skin changes colour to match your surroundings (Stealth+).
Your rubbery body absorbs attacks. (AC +1, EV +1)


Message History

Unknown command.
Press: ? - help, v - describe, . - travel
Here: a water moccasin zombie The floor.
Unknown command.
Unknown command.
You feel much better.
The water moccasin zombie closely misses you.
The water moccasin zombie closely misses you.
A centaur comes into view.
The water moccasin zombie bites you.
The orc warrior hits you from afar with a +0 glaive!
* * * LOW HITPOINT WARNING * * *
An orc comes into view. It is wielding a +0 whip.
Found 16 gold pieces.
The adder zombie closely misses you. The water moccasin zombie misses you.
There is a stone staircase leading down here.
The adder zombie closely misses you.
The orc warrior hits you from afar with a +0 glaive!!
You die...

.......#
......#
......##
...c... #....#
.. #....#...
#........
#@.......
#######Z#####..
#.....Zo.### ##
#........'....
..
#........#....
#........#.....
#........# ..$.
#.o......# ...
######
#........# ...
...%%.


You could see an orc warrior, a centaur (sleeping), an orc (wandering), an adder
zombie and a water moccasin zombie.

Vanquished Creatures
  A black bear (D:5)
  An ogre (D:3)
  A phantom (D:4)
  A centaur (D:6)
  A bullfrog (D:5)
  2 scorpions
  A howler monkey (D:4)
  2 crimson imps
  A bullfrog zombie (D:6)
  A hound (D:4)
  A jelly (D:6)
  A centaur skeleton (D:4)
  A gnoll shaman (D:5)
  An orc priest (D:6)
  3 orc wizards
  Jessica (D:2)
  3 worker ants
  A hound zombie (D:4)
  9 adders
  7 gnolls
  4 oozes
  2 adder skeletons (D:4)
  3 worms (D:2)
  3 dart slugs
  8 leopard geckos
  5 orcs
  2 giant cockroaches
  12 goblins
  13 hobgoblins
  12 jackals
  5 quokkas
  A ball python (D:6)
  10 bats
  7 frilled lizards
  7 kobolds
  7 rats
141 creatures vanquished.

Notes
Turn   | Place    | Note
-------+----------+-------------------------------------------
     0 | D:1      | Conn the Octopode Fire Elementalist began the quest for the
                  | Orb.
     0 | D:1      | Reached XP level 1. HP: 11/11 MP: 3/3
    59 | D:1      | Reached XP level 2. HP: 13/17 MP: 1/5
   284 | D:1      | Reached skill level 3 in Stealth
   316 | D:1      | Reached XP level 3. HP: 5/21 MP: 2/6
  1359 | D:2      | Reached XP level 4. HP: 17/27 MP: 5/7
  1526 | D:2      | Learned a level 3 spell: Conjure Flame
  1570 | D:2      | Reached skill level 4 in Stealth
  1843 | D:2      | Noticed Jessica
  1846 | D:2      | Killed Jessica
  1898 | D:2      | Reached XP level 5. HP: 32/32 MP: 6/8
  2504 | D:3      | You fall into a shaft and drop 1 floor!
  2540 | D:4      | Reached skill level 5 in Stealth
  2607 | D:4      | Found a staircase to the Ecumenical Temple.
  2616 | Temple   | Entered the Ecumenical Temple
  2721 | Temple   | Became a worshipper of Sif Muna the Loreminder
  2851 | D:3      | Noticed an ogre
  3044 | D:3      | Reached skill level 1 in Short Blades
  3057 | D:3      | Reached XP level 6. HP: 30/37 MP: 1/10
  3573 | D:4      | Noticed a phantom
  3649 | D:4      | Killed a phantom
  3649 | D:4      | Reached skill level 1 in Fighting
  3649 | D:4      | Reached skill level 1 in Throwing
  3649 | D:4      | Reached XP level 7. HP: 23/43 MP: 1/11
  3984 | D:4      | Reached * piety under Sif Muna
  4252 | D:5      | Entered Level 5 of the Dungeon
  4460 | D:5      | Reached skill level 6 in Stealth
  4517 | D:5      | Found Rios's Assorted Antiques.
  4588 | D:5      | Learned a level 3 spell: Inner Flame
  4593 | D:5      | Learned a level 4 spell: Sticky Flame
  4719 | D:5      | Bought a golden ring for 145 gold pieces
  4998 | D:5      | Reached XP level 8. HP: 9/50 MP: 8/13
  5995 | D:6      | Reached skill level 5 in Fire Magic
  6432 | D:6      | Noticed Blork the orc
  6635 | D:6      | Reached ** piety under Sif Muna
  6656 | D:6      | Slain by an orc warrior

Levels and vault maps discovered:
D:1:      mrwooster_arrival_statue_3, layout_loops_ring
D:2:      wad_lake_hut, layout_basic, first_ration, hangedman_decor_points,
          uniq_jessica
D:3:      layout_basic
D:4:      kennysheep_six_static_rooms, layout_loops_ring,
          minmay_temple_entry_gardened_gates
D:5:      black_bear_nest_2, layout_rooms, serial_shops, shop,
          grunt_ministairs_8
D:6:      layout_basic, uniq_blork_the_orc
Temple:   kilobyte_greek_temple

Skill      XL: |  1  2  3  4  5  6  7  8 |
---------------+-------------------------+-----
Stealth        | 3 4 5 6 |  6.0
Short Blades   | 1 2 |  2.6
Fire Magic     | 4 5 |  5.0
Conjurations   | 2 3 4 |  4.3
Dodging        | 3 |  3.7
Spellcasting   | 3 4 |  4.7
Fighting       | 1 2 |  2.2
Throwing       | 1 |  1.1
Unarmed Combat | |  0.1

Action                   |  1- 3 |  4- 6 |  7- 9 || total
-------------------------+-------+-------+-------++-------
Melee: Dagger            |    75 |    98 |    56 ||   229
       Unarmed           |     6 |       |       ||     6
       Constrict         |    17 |    11 |     9 ||    37
       Tentacles         |    13 |    13 |    13 ||    39
Throw: Dart              |       |     8 |       ||     8
 Cast: Flame Tongue      |    18 |    77 |    70 ||   165
       Conjure Flame     |       |     1 |     1 ||     2
       Sticky Flame      |       |       |     3 ||     3
       Inner Flame       |       |       |     2 ||     2
Evoke: Wand              |       |       |     2 ||     2
  Use: Scroll            |       |     7 |     4 ||    11
       Potion            |       |     4 |     2 ||     6
 Stab: Sleeping          |     7 |     6 |    11 ||    24
       Distracted        |       |     1 |       ||     1
  Eat: Chunk             |     2 |     7 |     9 ||    18
Armor: Skin              |    10 |    34 |     3 ||    47
Dodge: Dodged            |    60 |    64 |    48 ||   172

Table legend:
 A = Non-vault XP
 B = Vault XP
 C = Vault XP percentage of total XP
 D = Non-vault monster count
 E = Vault monster count
 F = Vault count percentage of total count
                 A         B        C        D         E       F
            +---------+---------+-------+---------+---------+-------
      Total |    1600 |     246 |  13.3 |     137 |       4 |   2.8
            +---------+---------+-------+---------+---------+-------
        D:1 |      52 |       0 |   0.0 |      31 |       0 |   0.0
        D:2 |     129 |      37 |  22.3 |      30 |       1 |   3.2
        D:3 |     309 |       0 |   0.0 |      31 |       0 |   0.0
        D:4 |     367 |      78 |  17.5 |      15 |       2 |  11.8
        D:5 |     363 |     131 |  26.5 |      19 |       1 |   5.0
        D:6 |     380 |       0 |   0.0 |      11 |       0 |   0.0
            +---------+---------+-------+---------+---------+-------
